[Event "*** SCC Grand Prix: Titled Tuesday Blitz"]
[Site "Chess.com"]
[Date "2020.08.25"]
[Round "9"]
[White "MF1966Idrisov"]
[Black "ruslansezdbekov"]
[Result "0-1"]
[WhiteElo "2360"]
[BlackElo "2534"]
[TimeControl "180+1"]
[EndTime "11:47:13 PDT"]
[Termination "ruslansezdbekov won on time"]

1. Nf3 Nf6 2. b3 g6 3. Bb2 Bg7 4. c4 O-O 5. g3 c6 6. Bg2 d5 7.
O-O Bf5 8. d3 a5 9. a3 Nbd7 10.
Re1 Nc5 11. Nbd2 h6 12. Qc2 Rc8 13. Bc3 b5 14. cxb5 cxb5 15. Qb2 Bxd3 16. Nd4 Nfe4 17.
Nxe4 Nxe4 18. Bxe4 Bxe4 19. Nxb5 Bxc3 20. Nxc3 Bf5 21.
Rad1 d4 22. Nb5 e5 23. e3 Qb6 24. a4 Rc2 25. Qa3 Qb7 26. Nd6 Qf3 27. Nxf5 Qxf2+ 0-1

[Event "*** SCC Grand Prix: Titled Tuesday Blitz"]
[Site "Chess.com"]
[Date "2020.08.25"]
[Round "9"]
[White "DishonorOnYourCow"]
[Black "tan275"]
[Result "1-0"]
[WhiteElo "2355"]
[BlackElo "2202"]
[TimeControl "180+1"]
[EndTime "11:47:14 PDT"]
[Termination "DishonorOnYourCow won on time"]

1. d4 Nf6 2. c4 e6 3. Nf3 d5 4. Nc3 Be7 5. Bf4 O-O 6. e3 c5 7. cxd5 Nxd5 8. Nxd5 exd5 9. Be2 cxd4 10. Qxd4 Nc6 11. Qd1 Bb4+ 12. Nd2 d4 13. O-O dxe3 14.
Bxe3 Bf5 15. Nb3 Qe7 16. a3 Rfd8 17. Qc1 Bd6 18. Qc4 Ne5 19. Qa4 a6 20. Nd4 Bg4 21. Rfe1 Bxe2 22. Nxe2 Qf6 23. Bd4 b5 24. Qb3 Qg5 25.
Qe3 Qxe3 26. Bxe3 Nc4 27. Bd4 f6 28. Rac1 1-0

[Event "*** SCC Grand Prix: Titled Tuesday Blitz"]
[Site "Chess.com"]
[Date "2020.08.25"]
[Round "9"]
[White "winniethepooh04"]
[Black "Caterpiller35"]
[Result "1-0"]
[WhiteElo "2215"]
[BlackElo "2337"]
[TimeControl "180+1"]
[EndTime "11:47:15 PDT"]
[Termination "winniethepooh04 won by checkmate"]

1. e4 c5 2. Nf3 Nc6 3. d4 cxd4 4.
Nxd4 e5 5. Nxc6 bxc6 6. Nc3 Nf6 7. Bd3 Bc5 8. O-O d6 9. a4 Rb8 10. a5 Ng4 11. h3 h5 12. Na4 Bd4 13. c3 Bxf2+ 14.
Rxf2 Nxf2 15. Kxf2 Qh4+ 16. Kg1 g5 17. Be3 g4 18.
Bxa7 gxh3 19. Qf3 Rg8 20. Rf1 Be6 21. Rf2 Rb7 22. Be3 hxg2 23. Rxg2 Qe1+ 24. Kh2 Rxg2+ 25. Kxg2 Qa1 26. a6 Rb8 27. a7 Ra8 28. Qxh5 Rxa7 29. Bxa7 Qxa4 30. Qh8+ Kd7 31. Bb6 c5 32. Qd8+ Kc6 33.
Qc7# 1-0

[Event "*** SCC Grand Prix: Titled Tuesday Blitz"]
[Site "Chess.com"]
[Date "2020.08.25"]
[Round "9"]
[White "alexgo05"]
[Black "ZenBull"]
[Result "0-1"]
[WhiteElo "2316"]
[BlackElo "2157"]
[TimeControl "180+1"]
[EndTime "11:47:16 PDT"]
[Termination "ZenBull won on time"]

1. e4 c5 2. Nf3 e6 3. d4 cxd4 4. Nxd4 Nc6 5. Nc3 Qc7 6. g3 a6 7. Bg2 d6 8. O-O Nxd4 9. Qxd4 Bd7 10. a4 Bc6 11. Be3 Nf6 12. b4 Be7 13. b5 Bd7 14. b6 Qc8 15. h3 O-O 16. Rad1 Bc6 17. f4 Rd8 18. a5 Qd7 19. Kh2 Qe8 20. g4 Rac8 21. g5 Nd7 22. h4 Nf8 23. Bh3 d5 24.
e5 Bd7 25. f5 Rc4 26. Qd3 Bb4 27. Bd4 Bxc3 28. Bxc3 Rxh4 29. f6 g6 30. Qg3 Rc4 31.
Rd4 Rdc8 32. Rxc4 Rxc4 33. Rf4 Rxf4 34. Qxf4 Bb5 35. Qb4 Qc6 36. Bg2 Qc4 37. Qxc4 Bxc4 38. Kg3 Nd7 39. Kf4 Nb8 40. Ke3 Nc6 41. Bf3 h5 0-1

[Event "*** SCC Grand Prix: Titled Tuesday Blitz"]
[Site "Chess.com"]
[Date "2020.08.25"]
[Round "9"]
[White "Chamal_Gedgafov"]
[Black "ajdemipopushi"]
[Result "1-0"]
[WhiteElo "2124"]
[BlackElo "2265"]
[TimeControl "180+1"]
[EndTime "11:47:16 PDT"]
[Termination "Chamal_Gedgafov won on time"]

1. d4 Nf6 2. c4 c5 3. d5 b5 4. cxb5 a6 5. b6 Qxb6 6. Nc3 g6 7. e4 d6 8. Nf3 Bg4 9. a4 Nbd7 10. a5 Qb4 11.
Bd3 Bg7 12. O-O O-O 13. h3 Bxf3 14. Qxf3 Rfb8 15. Qe2 Ne8 16. Bd2 Qxb2 17. Rfb1 Bxc3 18. Rxb2 Rxb2 19. Rd1 Nc7 20. Qg4 Ne5 21. Qe2 Rab8 22. f4 Nxd3 23. Qxd3 Bxd2 24. Rxd2 R8b3 25. Qe2 Rxd2 26.
Qxd2 Rb4 27. e5 Rd4 28. Qb2 Nb5 29. exd6 exd6 30. Qe2 Rxd5 31. Qe8+ Kg7 32. Qc6 Rd1+ 33. Kh2 Rd4 34. Qxa6 Nc7 35. Qb7 1-0

[Event "*** SCC Grand Prix: Titled Tuesday Blitz"]
[Site "Chess.com"]
[Date "2020.08.25"]
[Round "9"]
[White "fianchettoer"]
[Black "arminmusovic"]
[Result "0-1"]
[WhiteElo "2422"]
[BlackElo "2577"]
[TimeControl "180+1"]
[EndTime "11:47:17 PDT"]
[Termination "arminmusovic won by resignation"]

1. Nf3 a6 2. g3 e6 3. Bg2 d5 4.
e3 Nf6 5. O-O c5 6. d4 Nc6 7. c4 Be7 8. dxc5 Bxc5 9. cxd5 exd5 10. b3 O-O 11. Bb2 Re8 12. Nc3 Ba7 13. Ne2 Ne4 14. Ned4 Bg4 15. Rc1 Rc8 16. Nxc6 bxc6 17. Qd3 Nxf2 18. Rxf2 Rxe3 19. Qxa6 Ra8 20. Qxc6 Bxf3 21.
Kh1 Re6 22. Qc3 Bxg2+ 23. Kxg2 d4 24. Qf3 Rf6 25. Qd3 Qd5+ 26. Kg1 Rxf2 27. Kxf2 Re8 28. Rc4 Qe6 29. Kg2 h5 30. Bxd4 Rd8 31. Qc3 Qd5+ 32. Kh3 Bxd4 33. Rxd4 Qxd4 34. Qf3 Qd7+ 0-1

[Event "*** SCC Grand Prix: Titled Tuesday Blitz"]
[Site "Chess.com"]
[Date "2020.08.25"]
[Round "9"]
[White "AlexSuv"]
[Black "Witik"]
[Result "1-0"]
[WhiteElo "2511"]
[BlackElo "2645"]
[TimeControl "180+1"]
[EndTime "11:47:18 PDT"]
[Termination "AlexSuv won on time"]

1. d4 d5 2. c4 e6 3. Nc3 c6 4. e4 dxe4 5. Nxe4 Bb4+ 6. Bd2 Qxd4 7. Bxb4 Qxe4+ 8. Be2 Na6 9. Bd6 Qxg2 10. Qd2 Nf6 11.
Bf3 Qg6 12. O-O-O Ne4 13. Qd4 Qg5+ 14. Kb1 Nxd6 15. Qxd6 Nb8 16. Nh3 Qe7 17. Qg3 O-O 18. Rhg1 f6 19. Nf4 e5 20. Nh5 Bf5+ 21. Ka1 Bg6 22. h4 Na6 23. Nxg7 Qxg7 24. h5 Rad8 25. hxg6 Rxd1+ 26. Rxd1 hxg6 27. Qh3 Nc5 28. Be2 f5 29. Qa3 b6 30. Rg1 a5 31. Bh5 Rf6 32. Qf3 Rd6 33. Qh3 Kf8 34. Bxg6 Rxg6 35. Qxf5+ 1-0

[Event "*** SCC Grand Prix: Titled Tuesday Blitz"]
[Site "Chess.com"]
[Date "2020.08.25"]
[Round "9"]
[White "ChessSwole"]
[Black "QuintilianoR"]
[Result "0-1"]
[WhiteElo "2444"]
[BlackElo "2609"]
[TimeControl "180+1"]
[EndTime "11:47:18 PDT"]
[Termination "QuintilianoR won by resignation"]

1. d4 Nf6 2. Bf4 d5 3. e3 e6 4. Nd2 Bd6 5. Ngf3 O-O 6. Bd3 Bxf4 7. exf4 Qd6 8. g3 b6 9. Qe2 a5 10. a4 Ba6 11. Bb5 c6 12. Bxa6 Nxa6 13. O-O c5 14. c3 Nc7 15. Rfe1 Rfe8 16. h4 Nd7 17. h5 f6 18. h6 g6 19. Kg2 Qf8 20. Rh1 Re7 21.
Rae1 Rae8 22. b3 Qf7 23. Qe3 Rd8 24. g4 Rf8 25. g5 fxg5 26. fxg5 e5 27. Nxe5 Nxe5 28.
dxe5 Ne6 29. Rh4 Qf5 30. Nf3 Ref7 31. Ng1 Nxg5 32. f4 Ne6 33. Nh3 g5 34. Nxg5 Nxg5 35. fxg5 d4 36. cxd4 cxd4 37. Qg3 Qc2+ 38. Kg1 Rf3 39.
Qg4 Qf2+ 0-1

[Event "*** SCC Grand Prix: Titled Tuesday Blitz"]
[Site "Chess.com"]
[Date "2020.08.25"]
[Round "9"]
[White "gagtemp"]
[Black "MrrRefrao"]
[Result "0-1"]
[WhiteElo "1954"]
[BlackElo "2202"]
[TimeControl "180+1"]
[EndTime "11:47:18 PDT"]
[Termination "MrrRefrao won on time"]

1. e4 c6 2. d4 d5 3. Nc3 dxe4 4. Nxe4 Nf6 5. Nxf6+ exf6 6. Nf3 Bd6 7. Be3 Bg4 8. Be2 Qa5+ 9. Qd2 Qxd2+ 10. Bxd2 O-O 11.
O-O-O a5 12. h3 Be6 13. a3 Na6 14. Rhe1 Nc7 15. c4 b5 16. c5 Be7 17. Bd3 Rfd8 18. Bc3 Bf8 19. g4 Bb3 20. Bc2 Bxc2 21. Kxc2 a4 22.
Nh4 Nd5 23. Nf5 Re8 24. h4 Re6 25. Rxe6 fxe6 26. Ne3 Ne7 27. f4 Ng6 28. Ng2 Rd8 29. h5 Ne7 30. Re1 Kf7 31. Nh4 Nd5 32. Ng2 Rd7 33.
Re4 Be7 34. Kd3 f5 35. Re5 Bf6 36. Re1 fxg4 37. Re2 Bd8 38. Re4 Bc7 39. Bd2 Nf6 0-1

[Event "*** SCC Grand Prix: Titled Tuesday Blitz"]
[Site "Chess.com"]
[Date "2020.08.25"]
[Round "9"]
[White "wonderfultime"]
[Black "SergeyKarjakin"]
[Result "1-0"]
[WhiteElo "2906"]
[BlackElo "2973"]
[TimeControl "180+1"]
[EndTime "11:47:19 PDT"]
[Termination "wonderfultime won by resignation"]

1. d4 Nf6 2. Nf3 d5 3. Bf4 c5 4. c3 Qb6 5. Qc2 Nc6 6. e3 Bf5 7. dxc5 Bxc2 8. cxb6 axb6 9. Na3 Be4 10. Nb5 O-O-O 11. Bc7 Re8 12. Bxb6 Nd7 13. Bc7 e5 14. Bd6 f6 15. Rd1 Re6 16. Bxf8 Rxf8 17. Nd2 Bc2 18.
Rc1 Bg6 19. Nb3 Kb8 20. Be2 Nb6 21. Nc5 Re7 22. O-O d4 23. Rfd1 dxe3 24. fxe3 Bf7 25. c4 f5 26. b3 e4 27. Rf1 g6 28. Rcd1 Ne5 29. Rd6 Nbd7 30. Nxd7+ Nxd7 31. g4 fxg4 32. Bxg4 Ne5 33. Be2 Rg8 34. Rdf6 g5 35. Nd6 Bg6 36. h3 h5 37. c5 g4 38. hxg4 hxg4 39. Rf8+ Rxf8 40.
Rxf8+ Kc7 41. Bb5 1-0

[Event "*** SCC Grand Prix: Titled Tuesday Blitz"]
[Site "Chess.com"]
[Date "2020.08.25"]
[Round "9"]
[White "TwentyHoursADay"]
[Black "juancruzarias"]
[Result "0-1"]
[WhiteElo "2463"]
[BlackElo "2379"]
[TimeControl "180+1"]
[EndTime "11:47:20 PDT"]
[Termination "juancruzarias won by checkmate"]

1. b4 d5 2. Bb2 Nf6 3. Nf3 Bf5 4. e3 e6 5. a3 Bd6 6. c4 c6 7. Nc3 O-O 8. h3 h6 9. g4 Bh7 10. Rg1 Ne4 11. d3 Nxc3 12. Bxc3 Nd7 13. g5 h5 14. Nh4 Bg6 15. Nxg6 fxg6 16. d4 Qe7 17. Qc2 a5 18. c5 Bc7 19. Qxg6 e5 20. Qxh5 axb4 21. axb4 Rxa1+ 22. Bxa1 e4 23. Rg4 Ra8 24. Bc3 Nf8 25. g6 Qf6 26. Be2 Ra3 27. Kd2 Ra2+ 28. Ke1 Ra3 29. Kd2 Ra2+ 30. Ke1 Ra3 31. Bd2 Ra1+ 32. Bd1 Qf3 33. Rh4 Rxd1# 0-1

[Event "*** SCC Grand Prix: Titled Tuesday Blitz"]
[Site "Chess.com"]
[Date "2020.08.25"]
[Round "9"]
[White "ElGasanov"]
[Black "PaulfromSPb"]
[Result "1-0"]
[WhiteElo "2763"]
[BlackElo "2677"]
[TimeControl "180+1"]
[EndTime "11:47:24 PDT"]
[Termination "ElGasanov won on time"]

1. d4 Nf6 2. Nf3 e6 3. c4 b6 4.
Bf4 Bb7 5. e3 Be7 6. h3 O-O 7.
Nc3 d6 8. Be2 Nbd7 9. Qc2 Re8 10. O-O Bf8 11. Rfd1 Qe7 12. b4 a6 13. Bh2 g6 14. a4 a5 15. Nb5 Rec8 16. c5 Be4 17. Qb2 axb4 18. cxd6 cxd6 19. Bxd6 Qd8 20. Qxb4 Nd5 21.
Qe1 Bc2 22. Rdc1 Rxa4 23. Rxa4 Bxa4 24. Bxf8 Qxf8 25. Ra1 Bc2 26. Ra7 Qd8 27. Nd6 Ra8 28. Nxf7 Qe8 29. Nd6 Qd8 30. Qa1 Rxa7 31. Qxa7 N5f6 32.
Ne5 Nxe5 33. dxe5 Nd7 34. f4 Bb3 35. Bb5 1-0

[Event "*** SCC Grand Prix: Titled Tuesday Blitz"]
[Site "Chess.com"]
[Date "2020.08.25"]
[Round "9"]
[White "GigaQuparadze"]
[Black "Legendinunknown"]
[Result "1-0"]
[WhiteElo "2814"]
[BlackElo "2662"]
[TimeControl "180+1"]
[EndTime "11:47:24 PDT"]
[Termination "GigaQuparadze won by resignation"]

1. e4 e5 2. Nc3 Nf6 3. Nf3 Nc6 4. Bb5 Nd4 5. O-O Nxb5 6. Nxb5 d6 7. d4 exd4 8. Nbxd4 Be7 9. Re1 O-O 10. c4 Bd7 11.
Qd3 Re8 12. Bg5 h6 13. Bd2 c5 14. Ne2 Bc6 15. Ng3 Bf8 16. Bc3 Ng4 17. Rad1 Qc7 18.
Nf5 Rad8 19. h3 Ne5 20. Nxe5 dxe5 21. Qf3 Rxd1 22. Rxd1 g6 23. Ne3 Bg7 24. Nd5 Qd8 25. Qg3 Qg5 26. Qd3 f5 27. Bd2 fxe4 28. Qxe4 Qf5 29.
Qe1 e4 30. Bc3 Qf7 31. Qe3 Rf8 32. Qxc5 Bxd5 33. cxd5 Qf5 34. Qe3 Bxc3 35. bxc3 Rc8 36. d6 Kg7 37. d7 Rd8 38. Qd4+ Kf7 39. Qc4+ Qe6 40. Qc7 Ke7 41. Qxb7 Rxd7 42. Rxd7+ Qxd7 43. Qxe4+ Kf7 44. Qc4+ Kf8 45. Qb4+ Kf7 46. Qd4 Qc6 47. a4 a5 48. Qa7+ Ke6 49. Qxa5 Qe4 50. Qb6+ Kf7 51. Qa7+ Kg8 52. Qd4 Qb1+ 53. Kh2 Qa1 54. Qb4 Kh7 55. a5 h5 56. h4 Qe1 57. Qd4 Qa1 58. Qa7+ Kh6 59.
a6 Qa5 60. Qe3+ Kh7 61. a7 Qa4 62. Qe7+ Kh6 63. Qf8+ Kh7 64. a8=Q Qxh4+ 65. Kg1 1-0

[Event "*** SCC Grand Prix: Titled Tuesday Blitz"]
[Site "Chess.com"]
[Date "2020.08.25"]
[Round "9"]
[White "shineatchess"]
[Black "Nemsko"]
[Result "0-1"]
[WhiteElo "2216"]
[BlackElo "2359"]
[TimeControl "180+1"]
[EndTime "11:47:24 PDT"]
[Termination "Nemsko won by checkmate"]

1. Nf3 Nf6 2. g3 e6 3. Bg2 d5 4. d4 Bd6 5. c4 b6 6. O-O O-O 7. b3 Bb7 8. Bb2 Nbd7 9. Nbd2 Rc8 10. e3 Re8 11. Ne5 c5 12. f4 Qc7 13. Rc1 Qb8 14.
Qf3 Rc7 15. Qe2 dxc4 16. Ndxc4 Bf8 17. Nxd7 Nxd7 18. dxc5 Bxc5 19. Ne5 Bxg2 20. Kxg2 Qb7+ 21. Rf3 Nxe5 22. Bxe5 Rd7 23. Rc2 Red8 24. a3 Bxa3 25. e4 Bc5 26. Rf1 f5 27. Kh3 fxe4 28. Qg4 Qd5 29. Rc4 e3 30. Re1 a5 31. Rcc1 g6 32. Rcd1 Qc6 33. Rxd7 Rxd7 34. Qg5 Be7 35. Qh6 Bf8 36.
Qg5 Rd2 37. Rxe3 Qg2+ 38. Kg4 Qxh2 39. Qf6 Qh5# 0-1

[Event "*** SCC Grand Prix: Titled Tuesday Blitz"]
[Site "Chess.com"]
[Date "2020.08.25"]
[Round "9"]
[White "Shuvalov"]
[Black "Fh2411"]
[Result "0-1"]
[WhiteElo "2406"]
[BlackElo "2545"]
[TimeControl "180+1"]
[EndTime "11:47:25 PDT"]
[Termination "Fh2411 won by resignation"]

1. Nf3 d5 2. c4 c6 3. g3 Bg4 4. cxd5 Bxf3 5. exf3 cxd5 6. d4 e6 7. Bb5+ Nc6 8. O-O Bd6 9. f4 Ne7 10. Be3 O-O 11. Nc3 Rc8 12. a3 Na5 13. Bd3 g6 14. Rc1 Nc4 15. Rc2 Nxb2 16. Rxb2 Rxc3 17. Rxb7 Rxa3 18.
Qb1 a5 19. Bc1 Rc3 20. Bd2 Ra3 21. Bc1 Ra4 22. Be3 Rb4 23. Rxb4 Bxb4 24. Rc1 Qb8 25. Qa2 Rc8 26. Rb1 Qd6 27. Kg2 Rc3 28. Rb3 Rxb3 29.
Qxb3 Qc6 30. Bc2 Nc8 31. g4 Nd6 32. f5 gxf5 33. gxf5 Nxf5 34. Bxf5 exf5 35. Qd3 Qg6+ 36. Kf1 f4 37. Qxg6+ hxg6 38. Bxf4 Kf8 39. Ke2 Ke7 40.
Kd3 Ke6 41. Kc2 a4 42. Bc7 Kf5 43. Bb6 Ke4 44. Bc5 Kf3 45. Bxb4 Kxf2 46. Kd3 f5 47. h4 f4 48. Ba3 f3 49. Kd2 Kg2 50. Ke3 f2 51.
Kf4 f1=Q+ 52. Kg5 Qf5+ 53. Kh6 Qh5+ 54. Kg7 Qxh4 0-1

[Event "*** SCC Grand Prix: Titled Tuesday Blitz"]
[Site "Chess.com"]
[Date "2020.08.25"]
[Round "9"]
[White "eightbyeightchess"]
[Black "Artyom_ChessMate"]
[Result "1-0"]
[WhiteElo "2457"]
[BlackElo "2563"]
[TimeControl "180+1"]
[EndTime "11:47:26 PDT"]
[Termination "eightbyeightchess won on time"]

1. e4 c5 2. Nf3 d6 3. d4 cxd4 4. Qxd4 Nf6 5. Bg5 Nc6 6. Bb5 Bd7 7. Bxc6 Bxc6 8. Nc3 e6 9. O-O-O Be7 10. Qd3 O-O 11. Nd4 Qa5 12. f4 h6 13. h4 Rfd8 14. Kb1 Rac8 15. f5 e5 16. Bxf6 Bxf6 17. Nxc6 bxc6 18.
g4 d5 19. g5 dxe4 20. Qg3 Rxd1+ 21. Nxd1 Bd8 22. f6 Qd2 23. gxh6 Qxh6 24. fxg7 Qf4 25. Qh3 Rb8 26. Rf1 Qd2 27. Qf5 Rb7 28. Qxe5 Re7 29. Qh5 Kxg7 30. Qg4+ Kf8 31. Rg1 Rd7 32. Nc3 e3 33.
Qg7+ Ke8 34. Qe5+ Re7 35. Qf5 1-0

[Event "*** SCC Grand Prix: Titled Tuesday Blitz"]
[Site "Chess.com"]
[Date "2020.08.25"]
[Round "9"]
[White "cassoulet"]
[Black "Bigfish1995"]
[Result "1-0"]
[WhiteElo "2734"]
[BlackElo "3030"]
[TimeControl "180+1"]
[EndTime "11:47:27 PDT"]
[Termination "cassoulet won by resignation"]

1. e4 Nc6 2. Nf3 Nb8 3. d4 Nc6 4. Nc3 Nb8 5. Bc4 e6 6. O-O d6 7.
a3 Be7 8. Bf4 c6 9. d5 cxd5 10.
exd5 e5 11. Bg3 Nd7 12. Nd2 Nh6 13. f4 Nf5 14. fxe5 Nxg3 15. e6 Nxf1 16. exd7+ Bxd7 17. Qxf1 Qb6+ 18. Kh1 O-O 19. Bb3 Rae8 20. Nce4 f5 21. Nf2 Bf6 22. Nd3 Qc7 23. Qf4 Kh8 24. Nc4 Be7 25. Rf1 b5 26. Ne3 Bf6 27. c3 Bxc3 28.
bxc3 Qxc3 29. Bc2 Qd2 30. Rf3 Re4 31. Qxd6 Rfe8 32. Qxd7 Rxe3 33. Rxe3 Qxe3 34. h3 f4 35. Qf5 f3 36. Qxf3 Qxf3 37. gxf3 Rd8 38. Bb3 a5 39. Ne5 Kg8 40. d6+ Kf8 41. d7 Ke7 42. Nc6+ Kxd7 43. Nxd8 Kxd8 44. Kg2 Ke7 45. Kg3 Kd6 46. Kf4 Kc5 47.
Ke5 a4 48. Bc2 Kc4 49. Bxh7 Kb3 50. Bd3 b4 51. axb4 a3 52. Kd4 Kxb4 53. Bc4 g5 54. Bf7 Ka4 55. Ke4 a2 56. Bxa2 1-0

[Event "*** SCC Grand Prix: Titled Tuesday Blitz"]
[Site "Chess.com"]
[Date "2020.08.25"]
[Round "9"]
[White "GMKrikor"]
[Black "rasmussvane"]
[Result "1-0"]
[WhiteElo "2729"]
[BlackElo "2845"]
[TimeControl "180+1"]
[EndTime "11:47:27 PDT"]
[Termination "GMKrikor won on time"]

1. e4 c6 2. d4 d5 3. Nc3 dxe4 4. Nxe4 Nf6 5. Nxf6+ exf6 6. c3 Bd6 7. Bd3 O-O 8. Qc2 Re8+ 9. Ne2 h5 10. O-O h4 11.
h3 Nd7 12. Be3 Nf8 13. Rad1 Be6 14. c4 Rc8 15. Rfe1 Bb8 16. Bf4 Bxf4 17. Nxf4 Qd6 18. Qc1 Rcd8 19. Bf1 b6 20. d5 cxd5 21. Nxd5 Bxd5 22.
Rxd5 Qb4 23. Rxe8 Rxe8 24. a3 Re1 25. axb4 Rxc1 26. Rd8 g5 27. Ra8 Kg7 28. Rxa7 Ne6 29. f3 Nf4 30. Rb7 Rb1 31. Rxb6 Rxb2 32. c5 Nd5 33. Rd6 Nxb4 34. Rb6 Kf8 35. Rb7 Nd3 36. c6 1-0

[Event "*** SCC Grand Prix: Titled Tuesday Blitz"]
[Site "Chess.com"]
[Date "2020.08.25"]
[Round "9"]
[White "Jungle_Jaguar"]
[Black "Jovidon91"]
[Result "1-0"]
[WhiteElo "2639"]
[BlackElo "2473"]
[TimeControl "180+1"]
[EndTime "11:47:27 PDT"]
[Termination "Jungle_Jaguar won by resignation"]

1. e4 c5 2. Nf3 e6 3. d4 cxd4 4. Nxd4 Nc6 5. Nc3 Qc7 6. Be3 a6 7. Qf3 Ne5 8. Qg3 Nf6 9. O-O-O b5 10. a3 b4 11. axb4 Bb7 12. Bf4 d6 13. Qe3 Neg4 14.
Qe1 e5 15. Nd5 Bxd5 16. exd5 Be7 17. h3 exd4 18. hxg4 Nxg4 19. Rxd4 Rc8 20. Rc4 Qb7 21. Rxc8+ Qxc8 22. Bxd6 Qd7 23. Bc5 Kf8 24. f3 Nf6 25. Qxe7+ Qxe7 26. c4 h5 27. Bd3 Ke8 28. Bxe7 Kxe7 29.
Re1+ Kd6 30. Kc2 g5 31. Kc3 Rb8 32. Ra1 Ke5 33. Rxa6 Ne8 34. b5 Nd6 35. Rc6 f5 36. Kb4 Kd4 37. Rxd6 Kxd3 38. c5 Ke3 39. c6 Kf2 40. c7 Rc8 41. b6 Kxg2 42. Rd8 1-0

[Event "*** SCC Grand Prix: Titled Tuesday Blitz"]
[Site "Chess.com"]
[Date "2020.08.25"]
[Round "9"]
[White "Mr_Sinigami"]
[Black "freshfoodcompany"]
[Result "1-0"]
[WhiteElo "2527"]
[BlackElo "2358"]
[TimeControl "180+1"]
[EndTime "11:47:27 PDT"]
[Termination "Mr_Sinigami won by checkmate"]

1. c4 e6 2. Nc3 d5 3. e3 Be7 4. Nf3 Nf6 5. b3 O-O 6. Be2 c5 7. cxd5 exd5 8. d4 Nc6 9. O-O Bg4 10. Bb2 Bxf3 11. Bxf3 cxd4 12. exd4 Rc8 13. Ne2 Qb6 14. Nf4 Rfd8 15. Rc1 Bd6 16. Nh5 Nxh5 17. Bxh5 Bf4 18. Rc5 g6 19. Bg4 f5 20. Bf3 Ne7 21. Qc2 Rxc5 22.
dxc5 Qc7 23. Re1 Bxh2+ 24. Kh1 Bf4 25. Qc3 d4 26. Qc4+ Kf8 27. Qe6 Nc6 28. Qf6+ Qf7 29. Qh4 Bc7 30. g3 Ne5 31. Bg2 Nc6 32. Bf1 Ne5 33.
Bg2 Nc6 34. Bc1 Kg8 35. Bg5 Re8 36. Rxe8+ Qxe8 37. Bd5+ Kf8 38. Qh6# 1-0

[Event "*** SCC Grand Prix: Titled Tuesday Blitz"]
[Site "Chess.com"]
[Date "2020.08.25"]
[Round "9"]
[White "azikom"]
[Black "shnitez"]
[Result "0-1"]
[WhiteElo "2620"]
[BlackElo "2487"]
[TimeControl "180+1"]
[EndTime "11:47:28 PDT"]
[Termination "shnitez won by resignation"]

1. e4 c5 2. Nc3 Nc6 3. g3 g6 4.
Bg2 Bg7 5. d3 e6 6. Be3 d6 7.
Qd2 Nge7 8. Bh6 O-O 9. Bxg7 Kxg7 10. O-O-O e5 11. h4 h5 12. f4 f6 13. Kb1 Nd4 14. Nge2 Bg4 15. Rdf1 Qd7 16. Nc1 b5 17. Rf2 b4 18.
Nd1 Rf7 19. Rhf1 Raf8 20. Ne3 Qc8 21. Nxg4 Qxg4 22. Qe3 a5 23. Rh1 Qd7 24. Bh3 Qc7 25. Nb3 a4 26. Nxd4 cxd4 27. Qd2 Rb8 28. Be6 Rff8 29.
Rhf1 a3 30. b3 Qc3 31. Qxc3 dxc3 32. Kc1 Nc6 33. fxe5 dxe5 34. Bd5 Nd4 35. Kd1 f5 36. exf5 Rxf5 37. Rxf5 gxf5 38. Re1 Kf6 39. Rf1 Rd8 40.
Bc4 Rd7 41. Rf2 Rg7 42. Ke1 Rxg3 43. Kf1 Rh3 44. Kg1 Rxh4 45. Bd5 Rg4+ 46. Kh2 Rh4+ 47. Kg3 Rg4+ 48. Kh3 Rf4 49. Rg2 e4 50. dxe4 fxe4 51.
Bc4 e3 52. Bd3 Rf2 53. Rg8 Nxc2 54. Rf8+ Ke5 55. Re8+ Kd4 56. Rd8+ Kc5 57. Rc8+ Kb6 58. Rb8+ Kc7 59. Re8 Nd4 60. Re7+ Kd6 61. Rxe3 Rf3+ 62. Rxf3 Nxf3 63. Kg3 Ne1 64. Bb1 c2 65. Bxc2 Nxc2 66.
Kh4 Nd4 67. Kxh5 Nb5 68. Kg5 Nc3 69. Kf4 Nxa2 70. Ke3 Nc1 71. Kd2 Nxb3+ 72. Kc2 Nc5 73. Kb1 Kd5 74. Ka2 Kc4 75. Kb1 Kc3 76. Kc1 b3 77. Kd1 b2 78. Ke2 b1=Q 79. Kf3 Qe4+ 0-1

[Event "*** SCC Grand Prix: Titled Tuesday Blitz"]
[Site "Chess.com"]
[Date "2020.08.25"]
[Round "9"]
[White "remi04"]
[Black "mortngabriel"]
[Result "1-0"]
[WhiteElo "2596"]
[BlackElo "2443"]
[TimeControl "180+1"]
[EndTime "11:47:29 PDT"]
[Termination "remi04 won on time"]

1. e4 c5 2. Nf3 e6 3. d4 cxd4 4. Nxd4 Nf6 5. Nc3 Bb4 6. e5 Nd5 7. Qg4 O-O 8. Bd2 f5 9. Qf3 Qc7 10. Be2 Qxe5 11. Nb3 Nxc3 12. bxc3 Be7 13. O-O Nc6 14.
Rfe1 Qf6 15. c4 b6 16. Bc3 Qg6 17. Rad1 Bf6 18. Rd6 Bxc3 19. Qxc3 Qf6 20. Qxf6 Rxf6 21. Bf3 Ba6 22. Rxd7 Rc8 23. Bxc6 Rxc6 24. Rxa7 Bxc4 25.
Nd4 Rd6 26. Nf3 Bd5 27. Ne5 Rf8 28. Rd1 Rdd8 29. h4 Ra8 30. Rxa8 Rxa8 31. c4 Be4 32. Rd6 Rxa2 33. Rxb6 g6 34. Rxe6 Kg7 35. Rd6 Rc2 36. f3 Ba8 37. Kh2 Rb2 38. Kg3 Rb8 39. Kf4 Rf8 40. Rd7+ Kh6 41. c5 1-0

[Event "*** SCC Grand Prix: Titled Tuesday Blitz"]
[Site "Chess.com"]
[Date "2020.08.25"]
[Round "9"]
[White "narutosmith"]
[Black "Klavdia_Nik"]
[Result "0-1"]
[WhiteElo "2273"]
[BlackElo "2089"]
[TimeControl "180+1"]
[EndTime "11:47:29 PDT"]
[Termination "Klavdia_Nik won on time"]

1. c4 Nf6 2. Nc3 b6 3. e4 d6 4.
g3 Bb7 5. Bg2 c5 6. Nge2 Nbd7 7.
O-O Rb8 8. d4 g6 9. d5 Bg7 10.
h3 O-O 11. Be3 h6 12. Rc1 Kh7 13. Qd2 a6 14. f4 b5 15. cxb5 axb5 16. a3 Ba6 17.
Rfe1 b4 18. axb4 Rxb4 19. Nb1 Qb8 20. Rc2 Nb6 21. Nec3 Nc4 22. Qf2 Nxe3 23. Qxe3 Rxb2 24. Rxb2 Qxb2 25. e5 Ne8 26. exd6 exd6 27. Qe7 Qb7 28.
Qxb7 Bxb7 29. Re7 Ba6 30. Kh2 Bd3 31. Ra7 Nf6 32. Na3 Ng4+ 33. hxg4 Bxc3 34. Bf3 Kg7 35. Rb7 Ra8 36. Rb3 Bb4 37. Rxd3 Rxa3 38. Rxa3 Bxa3 39.
Be2 g5 40. Kg2 Bc1 41. Kf3 Kf6 42. Ke4 Bd2 43. Kf3 Be1 44. Bc4 Ke7 0-1

[Event "*** SCC Grand Prix: Titled Tuesday Blitz"]
[Site "Chess.com"]
[Date "2020.08.25"]
[Round "9"]
[White "Moon_stone123"]
[Black "Pikachess999"]
[Result "1-0"]
[WhiteElo "2531"]
[BlackElo "2396"]
[TimeControl "180+1"]
[EndTime "11:47:30 PDT"]
[Termination "Moon_stone123 won on time"]

1. e4 e6 2. d4 d5 3. Nd2 Nf6 4. e5 Nfd7 5. Bd3 c5 6. c3 Nc6 7. Ngf3 Be7 8. O-O g5 9. dxc5 g4 10. Nd4 Ndxe5 11. Bb5 Bd7 12. f3 Bxc5 13. Nb3 Bb6 14.
fxg4 Nxd4 15. Bxd7+ Nxd7 16. cxd4 Qe7 17. Qf3 O-O 18.
Bh6 Rfc8 19. Rae1 Nf8 20. Bxf8 Rxf8 21. Qxd5 Rad8 22. Qe5 Bc7 23. Qe4 Qd6 24. g3 Bb6 25.
Kg2 Bxd4 26. Rd1 e5 27. Rf5 Kh8 28. Rdf1 Qg6 29. Nxd4 exd4 30. Qe5+ Qg7 31. Rf6 Rfe8 32. Qh5 d3 33. Rxf7 Re2+ 34. Kh3 Qg6 35. Qh4 Rde8 36. Rxb7 d2 37. Rd7 Re1 38. Rff7 1-0

[Event "*** SCC Grand Prix: Titled Tuesday Blitz"]
[Site "Chess.com"]
[Date "2020.08.25"]
[Round "9"]
[White "skiff134"]
[Black "JuliaEfremova"]
[Result "1-0"]
[WhiteElo "2736"]
[BlackElo "2363"]
[TimeControl "180+1"]
[EndTime "11:47:31 PDT"]
[Termination "skiff134 won by resignation"]

1. d4 d5 2. c4 c6 3. Nc3 Nf6 4. Nf3 a6 5. a4 e6 6. g3 Be7 7. Bg2 O-O 8. O-O Nbd7 9. a5 Ne4 10. Qb3 f5 11. Ne1 Bd6 12. cxd5 Nxc3 13. bxc3 exd5 14.
c4 dxc4 15. Qxc4+ Kh8 16. Nd3 Nf6 17. Bf4 Re8 18. Bxd6 Qxd6 19. e3 Be6 20. Qc5 Rad8 21. Rab1 Re7 22. Rb2 Bd5 23. Qxd6 Rxd6 24. Rfb1 Bxg2 25.
Kxg2 Rd5 26. Nc5 h6 27. Rxb7 Rxb7 28. Rxb7 Ne4 29. Nxe4 fxe4 30. Rc7 Rxa5 31. Rxc6 Ra1 32. Re6 a5 33. Rxe4 a4 34. Re6 a3 35. Ra6 Kg8 36. h4 Kf7 37. h5 Ke7 38. Kf3 Kd7 39. e4 Kc7 40. d5 Kb7 41. Ra4 Kb6 42. d6 Rd1 43.
Rxa3 Rxd6 44. Kg4 Kc5 45. Ra5+ Kb6 46. Rd5 Re6 47. e5 g6 48. Rd6+ Rxd6 49. exd6 1-0